 Dungeon Crawl Stone Soup version 0.29-a0-923-g6e406bff71 (webtiles) character file.

Game seed: 10284438818372318519

32 Spectrina the Magician (level 3, 0/25 HPs)
             Began as a Djinni Venom Mage on July 27, 2022.
             Slain by an adder (1 damage)
             ... on level 2 of the Dungeon.
             The game lasted 00:02:30 (167 turns).

Spectrina the Magician (Djinni Venom Mage)           Turns: 167, Time: 00:02:31

Health: 0/25       AC:  2    Str:  7    XL:     3   Next: 45%
Gold:   10         EV: 12    Int: 18    God:
                   SH:  0    Dex: 13

rFire   + + .      SeeInvis .   (no weapon)
rCold   x . .      Faith    .   (no shield)
rNeg    . . .      Spirit   .   a - +0 robe
rPois   ∞          Reflect  .   (no helmet)
rElec   .          Harm     .   (no cloak)
rCorr   .          Rampage  .   (no gloves)
Will    .....                   (boots unavailable)
Stlth   ++........              (no amulet)
HPRegen 0.08/turn               (no ring)
MPRegen 0.00/turn               (no ring)

@: flying
A: sickness immunity, fire resistance 2, cold vulnerability 1, float, innate
caster, HP casting, extra vitality 1
a: no special abilities


You were on level 2 of the Dungeon.
You visited 1 branch of the dungeon, and saw 2 of its levels.

You collected 10 gold pieces.

Inventory:

Armour
 a - a +0 robe (worn)
Scrolls
 c - a scroll of immolation {unknown}


   Skills:
 - Level 2.1 Dodging
 - Level 1.5 Stealth
 + Level 3.3 Spellcasting


You couldn't memorise any spells.
You knew the following spells:

 Your Spells              Type           Power      Damage    Failure   Level
a - Freeze                Ice            60%        1d8       4%          1
f - Olgreb's Toxic Radia  Pois           15%        N/A       36%         4
g - Sting                 Tmut/Pois      60%        1d6       4%          1
m - Mephitic Cloud        Conj/Pois/Air  15%        N/A       12%         3
q - Poisonous Vapours     Pois/Air       30%        N/A       6%          2
Your spell library was empty.

Dungeon Overview and Level Annotations

Branches:
Dungeon (2/15)

Altars:


Innate Abilities, Weirdness & Mutations

You are immune to sickness and miasma.
You are immune to poison.
Your flesh is very heat resistant. (rF++)
You are vulnerable to cold. (rC-)
You float through the air rather than walking.
You learn spells naturally, not from books.
Your magical power is your life essence.
You have superior vitality. (+4 MHP)


Message History

Confirm with . or Enter, or press ? or * to list all spells.
Aiming: Sting (safe; 4% risk of failure)
Press: ? - help, Shift-Dir - straight line, f - ball python
Aim: a ball python (wandering, hasn't noticed you, 71% to hit)
The sting hits the ball python.
The ball python is poisoned.
The ball python is severely wounded.
* * * LOW HITPOINT WARNING * * *
You kill the ball python!
Unknown command.
Casting: Sting (safe; 4% risk of failure)
Confirm with . or Enter, or press ? or * to list all spells.
Aiming: Sting (safe; 4% risk of failure)
Press: ? - help, Shift-Dir - straight line, f - adder
Aim: an adder (57% to hit)
The sting misses the adder.
* * * LOW HITPOINT WARNING * * *
Unknown command.
Casting: Sting (safe; 4% risk of failure)
Confirm with . or Enter, or press ? or * to list all spells.
Aiming: Freeze (safe; 4% risk of failure)
Press: ? - help, Shift-Dir - straight line, f/p - adder
Aim: an adder You freeze the adder.
The adder is moderately wounded.
The adder seems to slow down.
* * * LOW HITPOINT WARNING * * *
The adder bites you.
* * * LOW HITPOINT WARNING * * *
Unknown command.
Casting: Freeze (safe; 4% risk of failure)
Confirm with . or Enter, or press ? or * to list all spells.
Aiming: Freeze (safe; 4% risk of failure)
Press: ? - help, Shift-Dir - straight line, f/p - adder
Aim: an adder (moderately wounded, slow)
You freeze the adder!
The adder is almost dead.
The adder seems to slow down.
* * * LOW HITPOINT WARNING * * *
The adder bites you.
You die...

.#..#..#.#. ..
.......#. #!.
#..#....##.#.
#.......#.#.#
#.#...:....#.#
..........# #.S.....#
#.... #..@....#
...#.... #.......#
...##....
#......#.##..##.#... #.
#.....#.#.#..#.#.#.. #.
#.....##.#....#.##.. #.
#....#.##......##.#.
##.
#...#.#..........#.# ..
#.....##............##
#.
..^..†#................


You could see an adder (slow).

Vanquished Creatures
  2 adders (D:2)
  A dart slug (D:1)
  2 giant cockroaches (D:1)
  A hobgoblin (D:1)
  A quokka (D:1)
  5 ball pythons
  2 rats
14 creatures vanquished.

Vanquished Creatures (others)
  2 plants (D:2)
2 creatures vanquished.

Grand Total: 16 creatures vanquished

Notes
Turn   | Place    | Note
-------+----------+-------------------------------------------
     0 | D:1      | Spectrina the Djinni Venom Mage began the quest for the
                  | Orb.
     0 | D:1      | Spectrina set off with the following spells memorised:
                  | Sting, Poisonous Vapours, Mephitic Cloud, Olgreb's Toxic
                  | Radiance.
     0 | D:1      | Reached XP level 1. HP: 15/15 MP: 0/0
    32 | D:1      | Found a faded altar of an unknown god.
    37 | D:1      | Reached XP level 2. HP: 12/21 MP: 0/0
    88 | D:2      | Reached skill level 3 in Spellcasting
    96 | D:2      | Reached XP level 3. HP: 6/25 MP: 0/0
    96 | D:2      | Learned a level 1 spell: Freeze
   167 | D:2      | Slain by an adder

Illustrated notes

Levels and vault maps discovered:
D:1:      onia_arrival_pentagram, layout_rooms, ebering_ecumenical_altar_rust
D:2:      layout_loops_ring, basic_altar, chequers_big_river,
          minmay_misc_feat_secret_circle

Skill      XL: |  1  2 |
---------------+-------+-----
Spellcasting   | 3 |  3.3
Dodging        | |  2.1
Stealth        | |  1.5

Action                   || total
-------------------------++-------
Melee: Unarmed           ||    10
       Punch             ||     1
 Cast: Sting             ||    21
       Freeze            ||     2
  Use: Potion            ||     1
Armor: Robe              ||     1
       Skin              ||     6
Dodge: Dodged            ||    10

Table legend: (Time is in decaauts)
 A = Elapsed time spent in this place.
 B = Non-inter-level travel time spent in this place.
 C = Inter-level travel time spent in this place.
 D = Time resting spent in this place.
 E = Time spent auto-exploring this place.
 F = Levels seen in this place.
 G = Mean time per level.
                   A        B        C        D        E       F      G
               +--------+--------+--------+--------+--------+-----+--------+
         Total |    166 |    166 |      0 |     43 |      0 |   2 |   83.0 |
       Dungeon |    166 |    166 |      0 |     43 |      0 |   2 |   83.0 |
               +--------+--------+--------+--------+--------+-----+--------+

Top non-repeatable levels by time:
     D:2: 103 daAuts
     D:1: 63 daAuts
